 Dungeon Crawl Stone Soup version 0.30-a0-358-g0d69a1922f (webtiles) character file.

Game seed: 14058547463636320939

45 ragingrage the Charlatan (level 3, 0/26 HPs)
             Began as a Draconian Wanderer on Nov 10, 2022.
             Was a Follower of Sif Muna.
             Slain by Terence
             ... wielding a +0 hand axe
              (2 damage)
             ... on level 2 of the Dungeon.
             The game lasted 00:01:52 (1132 turns).

ragingrage the Charlatan (Draconian Wanderer)       Turns: 1132, Time: 00:01:53

Health: 0/26       AC:  5    Str: 13    XL:     3   Next: 42%
Magic:  0/7        EV: 10    Int: 14    God:    Sif Muna [*.....]
Gold:   29         SH:  3    Dex: 11    Spells: 4/8 levels left

rFire   . . .      SeeInvis .    a - +0 club
rCold   . . .      Faith    +    b - +0 buckler
rNeg    . . .      Spirit   .    (body armour unavailable)
rPois   .          Reflect  .    (helmet restricted)
rElec   .          Harm     .    (no cloak)
rCorr   .          Rampage  .    (no gloves)
Will    .....                    (no boots)
Stlth   +.........               g - amulet of faith
HPRegen 0.24/turn                (no ring)
MPRegen 0.10/turn                (no ring)

@: very slightly contaminated
A: AC +5, unfitting armour, cold-blooded
a: Renounce Religion, Channel Magic


You were on level 2 of the Dungeon.
You worshipped Sif Muna.
Sif Muna was aware of your devotion.
You visited 1 branch of the dungeon, and saw 2 of its levels.

You collected 29 gold pieces.

Inventory:

Hand Weapons
 a - a +0 club (weapon)
Armour
 b - a +0 buckler (worn)
Jewellery
 g - an amulet of faith (around neck)
Wands
 d - a wand of paralysis (10)
Scrolls
 e - a scroll of enchant armour {unknown}
 f - 2 scrolls of identify {unknown}
 h - a scroll of teleportation {unknown}
Potions
 c - 2 potions of curing
 i - 2 potions of flight {unknown}


   Skills:
 - Level 1.0 Shields
 - Level 3.0 Spellcasting
 + Level 3.7 Conjurations
 + Level 0.7 Earth Magic
 - Level 4.0 Evocations


You had 4 spell levels left.
You knew the following spells:

 Your Spells              Type           Power      Damage    Failure   Level
a - Kiss of Death         Conj/Necr      28%        2d7       14%         1
b - Stone Arrow           Conj/Erth      16%        3d8       34%         3

Your spell library contained the following spells:

 Spells                   Type           Power      Damage    Failure   Level


Dungeon Overview and Level Annotations

Branches:
Dungeon (2/15)

Altars:
Sif Muna

Annotations:
D:2 Terence


Innate Abilities, Weirdness & Mutations

Your plain brown scales are hard. (AC +5)
You cannot fit into any form of body armour.
You are cold-blooded and may be slowed by cold attacks.


Message History

The spell is extremely dangerous to miscast (34% risk of failure)!
Continue anyway?
Aiming: Stone Arrow (extremely dangerous; 34% risk of failure)
Press: ? - help, Shift-Dir - straight line, f - Terence
Aim: Terence, wielding a +0 hand axe and wearing a +0 chain mail (74% to hit)
The stone arrow misses Terence.
Casting: Stone Arrow (extremely dangerous; 34% risk of failure)
Confirm with . or Enter, or press ? or * to list all spells.
The spell is extremely dangerous to miscast (34% risk of failure)!
Continue anyway?
Aiming: Stone Arrow (extremely dangerous; 34% risk of failure)
Press: ? - help, Shift-Dir - straight line, f/p - Terence
Aim: Terence, wielding a +0 hand axe and wearing a +0 chain mail (74% to hit)
The stone arrow hits Terence!
Terence is heavily wounded.
Casting: Stone Arrow (extremely dangerous; 34% risk of failure)
Confirm with . or Enter, or press ? or * to list all spells.
You can't see any susceptible monsters within range! (Use Z to cast anyway.) Unknown command.
You hit Terence but do no damage.
You tail-slap Terence, but do no damage.
Terence is heavily wounded.
You block Terence's attack.
You barely miss Terence.
Terence is heavily wounded.
Terence hits you with a +0 hand axe.
You hit Terence but do no damage.
Terence is heavily wounded.
Terence hits you with a +0 hand axe. Terence hits you with a +0 hand axe!
You hit Terence but do no damage.
Terence is heavily wounded.
Terence hits you with a +0 hand axe!
* * * LOW HITPOINT WARNING * * *
Casting: Stone Arrow (extremely dangerous; 34% risk of failure)
Confirm with . or Enter, or press ? or * to list all spells.
Aiming: Kiss of Death (safe; 14% risk of failure)
Press: ? - help, Shift-Dir - straight line, f/p - Terence
Aim: Terence, wielding a +0 hand axe and wearing a +0 chain mail (heavily wounded, 100% to hit)
You miscast Kiss of Death.
You are very lightly contaminated with residual magic.
Nothing appears to happen.
Terence hits you with a +0 hand axe.
You die...

........#
...)....#
........# .......
#..... ....
#.########
####†.......######
................@#
####..(.....####@#
#........# #.#
#........# #.#
#........# #.#
########## #.# #.#
#.# #....#


You could see Terence.

Vanquished Creatures
  An adder (D:2)
  A gnoll (D:1)
  3 ball pythons (D:1)
  An endoplasm (D:1)
  A giant cockroach (D:1)
  5 goblins (D:1)
  3 hobgoblins
  3 quokkas
  2 bats
  2 frilled lizards (D:1)
  A kobold (D:1)
  2 rats
25 creatures vanquished.

Notes
Turn   | Place    | Note
-------+----------+-------------------------------------------
     0 | D:1      | ragingrage the Draconian Wanderer began the quest for the
                  | Orb.
     0 | D:1      | ragingrage set off with the following items: a +0 club, a
                  | +0 buckler, a potion of curing, a wand of paralysis (10);
                  | and the following spell memorised: Kiss of Death; and the
                  | following spells available to memorise: Stone Arrow.
     0 | D:1      | Reached XP level 1. HP: 14/14 MP: 4/4
   144 | D:1      | Reached XP level 2. HP: 4/20 MP: 6/6
   597 | D:1      | Found a faded altar of an unknown god.
   607 | D:1      | Prayed at the altar of an unknown god.
   607 | D:1      | Became a worshipper of Sif Muna the Loreminder
   607 | D:1      | Reached * piety under Sif Muna
   768 | D:1      | Reached XP level 3. HP: 26/26 MP: 7/7
   772 | D:1      | Learned a level 3 spell: Stone Arrow
  1117 | D:2      | Noticed Terence
  1132 | D:2      | Slain by Terence

Illustrated notes

Levels and vault maps discovered:
D:1:      wander_arrival_peaceful_grave, layout_basic,
          shapermc_ecumenical_altar_pompeii
D:2:      layout_basic, basic_altar, grunt_ministairs_5, uniq_terence

Skill      XL: |  1  2 |
---------------+-------+-----
Conjurations   | 3 |  3.7
Shields        | |  1.0
Spellcasting   | |  3.0
Earth Magic    | |  0.7
Evocations     | |  4.0

Action                   || total
-------------------------++-------
Melee: Club              ||    97
       Tailslap          ||    12
       Unarmed           ||    10
 Cast: Kiss of Death     ||     1
       Stone Arrow       ||     2
  Use: Potion            ||     1
 Stab: Sleeping          ||     1
Armor: Skin              ||    55
Dodge: Dodged            ||    54
Block: Buckler           ||    19

Table legend: (Time is in decaauts)
 A = Elapsed time spent in this place.
 B = Non-inter-level travel time spent in this place.
 C = Inter-level travel time spent in this place.
 D = Time resting spent in this place.
 E = Time spent auto-exploring this place.
 F = Levels seen in this place.
 G = Mean time per level.
                   A        B        C        D        E       F      G
               +--------+--------+--------+--------+--------+-----+--------+
         Total |   1163 |   1143 |     20 |    226 |    611 |   2 |  581.5 |
       Dungeon |   1163 |   1143 |     20 |    226 |    611 |   2 |  581.5 |
               +--------+--------+--------+--------+--------+-----+--------+

Top non-repeatable levels by time:
     D:1: 963 daAuts
     D:2: 200 daAuts
